Map: Crête de Lerilak

Players

GuacamOle - Winner!

  • Race: Zerg Zerg
  • League: Diamond

Worming

  • Race: Zerg Zerg
  • League: Diamond

VOD

Have the link to the VOD?

Description

Time

  • Played on: Nov. 17, 2015, 1:10 p.m.
  • Length: 7:22
Show
View Real Time Build Order
Export as new Build Order

GuacamOle Zerg - Winner!

Build Orders: Pool First 

Get SALT Encoding   

  12  0:01  Drone  
  13  0:13  Overlord  
  13  0:17  Drone  
  14  0:31  Drone x2  
  16  0:42  Spawning Pool  
  16  0:45  Drone  
  16  1:09  Hatchery  
  15  1:12  Drone  
  15  1:17  Extractor  
  15  1:30  Queen  
  17  1:33  Drone x2  
  17  1:36  Drone  
  20  1:45  Overlord  
  20  1:56  Drone  
  21  2:06  Queen  
  23  2:11  Zergling x2  
  24  2:18  Metabolic Boost  
  24  2:21  Zergling x2  
  25  2:28  Drone x2  
  27  2:32  Drone  
  28  2:43  Baneling Nest  
  27  2:44  Drone x2  
  27  2:45  Drone x2  
  27  2:49  Zergling x2  
  32  3:07  Drone x4  
  36  3:22  Evolution Chamber  
  36  3:26  Lair  
  35  3:28  Drone  
  35  3:30  Overlord x2  
  35  3:38  Extractor  
  34  3:43  Drone, Roach Warren  
  34  3:44  Drone x2  
  36  3:50  Drone x5  
  36  3:54  Zerg Missile Weapons Level 1  
  41  4:02  Drone x3  
  43  4:18  Extractor  
  42  4:36  Glial Reconstitution  
  41  4:41  Drone x3  
  44  4:47  Overlord x2  
  44  4:48  Drone x4  
  44  4:49  Drone x3  
  51  4:57  Hatchery  
  50  5:04  Overseer  
  50  5:11  Evolution Chamber  
  49  5:18  Drone x2  
  49  5:19  Drone x2, Extractor  
  52  5:22  Roach x2  
  52  5:23  Roach x2  
  59  5:29  Roach  
  59  5:31  Baneling  
  61  5:39  Roach x3  
  67  5:48  Overlord x3  
  67  5:49  Overlord x2  
  67  6:09  Roach x5  
  77  6:12  Queen  
  77  6:14  Roach x3  
  85  6:22  Roach x4  
  93  6:28  Roach  
  93  6:29  Roach  
  97  6:35  Roach  
  97  6:36  Roach  
  99  6:44  Roach x6  
  109  6:57  Roach x2  
  109  6:58  Overlord x2  
  113  7:20  Spore Crawler x2  
Show
View Real Time Build Order
Export as new Build Order

Worming Zerg 

Build Orders: Hatch First 

Get SALT Encoding   

  12  0:01  Drone  
  13  0:12  Overlord  
  13  0:17  Drone  
  14  0:30  Drone x2  
  14  0:35  Drone  
  17  0:53  Hatchery  
  17  0:55  Drone  
  17  1:00  Drone  
  17  1:01  Extractor  
  17  1:17  Spawning Pool  
  17  1:18  Drone  
  17  1:21  Drone  
  18  1:28  Drone  
  19  1:40  Drone  
  20  1:50  Overlord  
  20  2:04  Queen  
  20  2:05  Queen  
  20  2:06  Zergling x4  
  26  2:09  Metabolic Boost  
  26  2:15  Drone  
  26  2:18  Drone  
  28  2:33  Drone x3  
  31  2:38  Overlord  
  31  2:44  Queen  
  31  2:50  Baneling Nest  
  31  2:51  Drone  
  33  2:56  Overlord  
  33  2:58  Drone  
  32  3:17  Zergling x2  
  33  3:23  Drone x3  
  33  3:24  Drone x5  
  41  3:38  Drone  
  42  3:44  Evolution Chamber  
  42  3:47  Evolution Chamber  
  40  3:48  Extractor  
  40  3:50  Extractor  
  38  3:58  Drone x2  
  38  3:59  Drone  
  38  4:00  Drone x3, Overlord  
  38  4:02  Zergling x2  
  45  4:06  Hatchery  
  44  4:12  Zerg Melee Weapons Level 1  
  44  4:13  Zerg Ground Armor Level 1  
  44  4:15  Drone x2  
  46  4:23  Baneling x2  
  46  4:44  Lair  
  46  4:52  Drone  
  47  4:53  Drone x9  
  47  4:55  Zergling x4  
  57  5:05  Overlord x2, Extractor  
  56  5:07  Queen  
  58  5:19  Zergling x12  
  64  5:31  Zergling x2  
  64  5:32  Zergling x8  
  69  5:42  Spore Crawler  
  68  5:44  Spore Crawler  
  68  5:45  Spore Crawler  
  68  5:48  Drone x5  
  69  6:03  Drone  
  69  6:04  Drone  
  67  6:07  Drone x4  
  67  6:08  Infestation Pit  
  67  6:09  Spire  
  67  6:11  Drone x3  
  72  6:14  Extractor  
  71  6:20  Drone  
  71  6:21  Drone x3  
  71  6:22  Drone x2  
  71  6:23  Drone x3  
  71  6:25  Extractor  
  78  6:46  Zergling x8  
  78  6:47  Zergling x6, Spine Crawler  
  82  6:49  Spine Crawler  
  81  6:55  Overlord x3  
  81  6:56  Overlord  
  81  6:57  Zergling x2  
Tags
 
Add a new tag
Caveats
  • Supply blocks, unpowered buildings, or Contaminate may cause inaccurate times.
  • Supply counts are checked every 10 seconds.